[Event "Early-Titled-Tuesday-Blitz-May-14-2024"]
[Site "Chess.com"]
[Date "2024.05.14"]
[Round "6"]
[White "emiliocordova"]
[Black "ArtemDyachuk"]
[Result "1-0"]
[WhiteElo "2901"]
[BlackElo "2706"]
[TimeControl "180+1"]
[EndTime "9:08:58 PDT"]
[Termination "emiliocordova won on time"]

1. d4 Nf6 2. Bg5 d5 3. Nd2 g6 4. Bxf6 exf6 5. e3 Bg7 6. g3 O-O 7. Bg2 f5 8. Ne2 h5 9. h4 c6 10.
O-O Nd7 11. c4 Nf6 12. b4 dxc4 13. Nxc4 Be6 14. Na5 Qe7 15. a3 Rad8 16. Nf4 Bc8 17. Qb3 Kh8 18. Rac1 Ne4 19. Rfd1 Rd7 20. a4 Rfd8 21.
Nd3 Rc7 22. Nc5 Nf6 23. b5 cxb5 24. axb5 b6 25. Nc6 Rxc6 26. bxc6 bxc5 27. Rxc5 Be6 28. Qb7 Qxc5 29. dxc5 Rxd1+ 30. Bf1 Nd5 31. Qxa7 Be5 32.
f4 Bc7 33. Kf2 Rc1 34. Bd3 Rc3 35. e4 fxe4 36. Bxe4 Nf6 37. Bg2 Ng4+ 38. Ke1 Bd8 39. Qb8 Rxc5 40. Qxd8+ Kh7 41. c7 Rc1+ 42. Kd2 Rc5 43.
Bf3 Nf6 44. Qxf6 Rxc7 45. Be4 Rd7+ 46. Ke3 Ra7 47. f5 Ra3+ 48. Kf4 gxf5 49. Bxf5+ 1-0

[Event "Early-Titled-Tuesday-Blitz-May-14-2024"]
[Site "Chess.com"]
[Date "2024.05.14"]
[Round "6"]
[White "sergiochess83"]
[Black "Pomegranate988"]
[Result "1-0"]
[WhiteElo "2867"]
[BlackElo "2652"]
[TimeControl "180+1"]
[EndTime "9:08:58 PDT"]
[Termination "sergiochess83 won on time"]

1. d4 Nf6 2. c4 g6 3. Nc3 c5 4.
d5 Bg7 5. e4 d6 6. h3 O-O 7. Nf3 e6 8. Bd3 exd5 9. cxd5 Re8 10.
O-O Nbd7 11. Bf4 c4 12. Bc2 Nc5 13. Re1 a6 14. e5 Nh5 15. Be3 Nd3 16. Bxd3 cxd3 17.
exd6 Qxd6 18. Qxd3 Bf5 19. Qd2 Nf6 20. Bh6 Bh8 21.
Bf4 Qb6 22. Rxe8+ Rxe8 23. Be5 Ne4 24. Nxe4 Bxe5 25. Nxe5 Rxe5 26. Nc3 Qd6 27. Re1 Rxe1+ 28. Qxe1 b5 29. a3 h5 30. Qd2 Kh7 31. Qd4 g5 32. Nd1 Kg6 33. Ne3 Bd7 34. b4 h4 35.
Qh8 f6 36. Qg8+ Kh6 37. Qd8 Kg6 38. Qg8+ Kh6 39. Qf7 Bc8 40. Qa7 Bd7 41. Qc5 Qe5 42.
d6 Qa1+ 43. Kh2 Qe5+ 44. Qxe5 fxe5 45. Ng4+ Kg7 46. Nxe5 1-0

[Event "Early-Titled-Tuesday-Blitz-May-14-2024"]
[Site "Chess.com"]
[Date "2024.05.14"]
[Round "6"]
[White "rollercoaster29"]
[Black "teresin05"]
[Result "1-0"]
[WhiteElo "2456"]
[BlackElo "2265"]
[TimeControl "180+1"]
[EndTime "9:08:58 PDT"]
[Termination "rollercoaster29 won by checkmate"]

1. d4 d5 2. Bf4 Nf6 3. e3 c5 4. Nf3 Nc6 5. Nbd2 Bg4 6. h3 Bxf3 7. Nxf3 e6 8. Bb5 Qb6 9. c4 dxc4 10. Qa4 Be7 11.
O-O O-O 12. Bxc6 bxc6 13. Qxc4 Qxb2 14. Rab1 Qa3 15. Rb7 Rfe8 16. Ne5 Rac8 17. dxc5 Nd5 18. Bg3 a5 19. Nd3 Nb4 20. Nxb4 axb4 21. Rxb4 Qa5 22.
Bd6 Bf6 23. Rb7 Ra8 24. Qe4 Rec8 25. Rfb1 Qxa2 26. g4 Qd5 27. Qxd5 exd5 28. Kg2 Bd8 29. Kf3 Ba5 30. Ra1 f6 31. h4 Bc3 32. Rxa8 Rxa8 33.
Rc7 Ra6 34. Rc8+ Kf7 35. Rf8+ Kg6 36. h5+ Kg5 37. Kg3 Be5+ 38. f4+ Bxf4+ 39. Bxf4# 1-0

[Event "Early-Titled-Tuesday-Blitz-May-14-2024"]
[Site "Chess.com"]
[Date "2024.05.14"]
[Round "6"]
[White "Der_Balak_3Halak"]
[Black "Zq1"]
[Result "1/2-1/2"]
[WhiteElo "2401"]
[BlackElo "2616"]
[TimeControl "180+1"]
[EndTime "9:08:59 PDT"]
[Termination "Game drawn by repetition"]

1. e4 c5 2. Nf3 d6 3. Bb5+ Bd7 4. Bxd7+ Qxd7 5. O-O Nc6 6. c3 Nf6 7. Re1 e6 8. d4 cxd4 9. cxd4 d5 10. e5 Ne4 11. a3 Be7 12. Qd3 O-O 13. Nbd2 Nxd2 14. Bxd2 h6 15. Re3 b6 16. Ne1 f5 17. exf6 Bxf6 18.
Bc3 Bg5 19. Re2 Rae8 20. Nf3 Bf6 21. Rae1 Nd8 22. Qg6 Qf7 23. Qg4 Kh7 24. Bb4 Rg8 25.
Bd6 Qg6 26. Qh3 Nf7 27. Bf4 Nd8 28. Bc7 Nc6 29. Rxe6 Nxd4 30. Nxd4 Bxd4 31. g3 Qf7 32. Bf4 Rxe6 33. Rxe6 Bf6 34. Qf5+ Kh8 35. Bxh6 Re8 36. Rxe8+ Qxe8 37. Bf4 Bxb2 38. Qxd5 Bxa3 39. Be5 Bc5 40. Qe4 Qf7 41. Qh4+ Kg8 42. Qd8+ Kh7 43. Qh4+ Kg8 44. Qd8+ Kh7 45. Qh4+ Kg8 1/2-1/2

[Event "Early-Titled-Tuesday-Blitz-May-14-2024"]
[Site "Chess.com"]
[Date "2024.05.14"]
[Round "6"]
[White "penguingm1"]
[Black "biveklama"]
[Result "1-0"]
[WhiteElo "2815"]
[BlackElo "2566"]
[TimeControl "180+1"]
[EndTime "9:09:00 PDT"]
[Termination "penguingm1 won by resignation"]

1. d4 d5 2. Bf4 Nf6 3. e3 c5 4. Nc3 e6 5. Nb5 Na6 6. c3 Be7 7.
a4 O-O 8. Nf3 Ne4 9. Bd3 f5 10.
Ne5 c4 11. Bc2 Nb8 12. Nxc4 dxc4 13. Nc7 Bd6 14. Nxa8 Bxf4 15. exf4 Nc6 16. Qe2 Bd7 17. Qxc4 Qxa8 18. Qe2 Nf6 19. O-O Qb8 20. Qd2 Nd5 21.
g3 a5 22. Rfe1 Qd6 23. Bb3 h6 24. Re2 Kh7 25. Rae1 Nc7 26. Bc2 Kh8 27. Qd3 Nd5 28. Bb3 g5 29. fxg5 hxg5 30. Qd2 Rg8 31. Qd3 Kg7 32.
Qf3 g4 33. Qd3 Rh8 34. Qd2 Kg6 35. c4 Ndb4 36. d5 exd5 37. cxd5 Nd8 38. Qd4 Qf6 39. Qf4 Qg5 40. Qd6+ Qf6 41. Qxd7 Nf7 42. Re6 1-0

[Event "Early-Titled-Tuesday-Blitz-May-14-2024"]
[Site "Chess.com"]
[Date "2024.05.14"]
[Round "6"]
[White "SaiHanThiha"]
[Black "capatl"]
[Result "1-0"]
[WhiteElo "2464"]
[BlackElo "2608"]
[TimeControl "180+1"]
[EndTime "9:09:00 PDT"]
[Termination "SaiHanThiha won by resignation"]

1. e4 c5 2. c3 Nf6 3. e5 Nd5 4. Nf3 e6 5. g3 b6 6. Bg2 Bb7 7. O-O d6 8. d4 cxd4 9. cxd4 Nd7 10. Qe2 Rc8 11. Nbd2 dxe5 12. dxe5 Nc5 13. Nc4 Be7 14. h4 h6 15. Rd1 O-O 16. Ne3 Ba6 17. Qd2 Nd3 18.
Nxd5 exd5 19. Bf1 Bb4 20. Qe2 Nc5 21. Qe3 Bxf1 22. Kxf1 Ne6 23. Qd3 Nc7 24. Bf4 Bc5 25. a3 a5 26. Rac1 Qd7 27. Qd2 Rfd8 28. Kg2 Ne6 29.
b4 axb4 30. axb4 Bf8 31. Nd4 Rxc1 32. Rxc1 Qa4 33. Nxe6 fxe6 34. Rc7 Qxb4 35. Qc2 Bc5 36. Bxh6 Qe4+ 37. Qxe4 dxe4 38. Rxg7+ Kh8 39. Rg6 Rd2 40. Bxd2 Kh7 41. Rxe6 e3 42. Bxe3 Bxe3 43. fxe3 b5 44. Rb6 b4 45. g4 b3 46. h5 1-0

[Event "Early-Titled-Tuesday-Blitz-May-14-2024"]
[Site "Chess.com"]
[Date "2024.05.14"]
[Round "6"]
[White "ContrVersia"]
[Black "Vincent_Vega95"]
[Result "0-1"]
[WhiteElo "2893"]
[BlackElo "2770"]
[TimeControl "180+1"]
[EndTime "9:09:01 PDT"]
[Termination "Vincent_Vega95 won by resignation"]

1. Nf3 Nf6 2. c4 g6 3. g3 Bg7 4. Bg2 O-O 5. O-O d6 6. d4 c6 7. Nc3 Bf5 8. Ng5 e5 9. d5 a5 10. e4 Bd7 11. dxc6 Bxc6 12. Re1 Na6 13. Nh3 Nc5 14. f3 Ne6 15. Be3 Nd4 16. Rc1 a4 17. Nf2 Qb6 18. Nd3 Nd7 19. a3 Nc5 20. Nb4 Ncb3 21. Ncd5 Qd8 22. Rc3 f5 23. Kh1 Nc5 24.
Nc2 Bxd5 25. cxd5 Ndb3 26. Nb4 f4 27. Bf2 Bh6 28. Bh3 Kh8 29. Kg2 Qe7 30. Nd3 b6 31. Nb4 Rf7 32. Nc6 Qc7 33. Qe2 Raf8 34. Rf1 fxg3 35.
hxg3 Nd2 36. Rh1 Nxf3 37. Be6 Nh4+ 38. Rxh4 Rxf2+ 39. Qxf2 Rxf2+ 40. Kxf2 Kg7 41. Kf3 Bg5 42. Rh2 Qb7 43. Re2 Qa6 44. Nb4 Qb5 45. Bh3 h5 46. Bf1 Qe8 47. Kg2 Qd7 48. Rf3 Qg4 49. Ref2 Nxe4 50.
Rc2 h4 51. Rc4 h3+ 0-1

[Event "Early-Titled-Tuesday-Blitz-May-14-2024"]
[Site "Chess.com"]
[Date "2024.05.14"]
[Round "6"]
[White "Zurability"]
[Black "AryanTari"]
[Result "1-0"]
[WhiteElo "2831"]
[BlackElo "3038"]
[TimeControl "180+1"]
[EndTime "9:09:02 PDT"]
[Termination "Zurability won on time"]

1. e4 e5 2. Nf3 Nc6 3. Bc4 Nf6 4.
d3 Bc5 5. O-O d6 6. c3 a5 7. Bb3 O-O 8. h3 Be6 9. Bc2 h6 10. d4 exd4 11. cxd4 Bc4 12. dxc5 Bxf1 13. Qxf1 dxc5 14. e5 Nb4 15. Bf5 Nfd5 16. a3 Nc6 17.
Nc3 Nxc3 18. bxc3 Qd5 19. Bf4 Qb3 20. Qe1 Ne7 21. Be4 Rad8 22. e6 Qxe6 23. Bxb7 Qc4 24. Bxc7 Rd7 25. Ne5 Qe6 26. Nxd7 Qxd7 27. Qe5 Nf5 28.
Be4 Nh4 29. Qg3 Re8 30. Bc2 Nf5 31. Bxf5 Qxf5 32. Bxa5 c4 33. Bb4 Qc2 34. a4 Qb2 35.
Rf1 Qa2 36. a5 Re6 37. Qb8+ Kh7 38. Qb7 Rg6 39. Qxf7 Qa4 40. Qf3 Qb5 41. Re1 Qg5 42. Qe4 Kg8 43. Re3 Qf6 44. Rf3 Qg5 45. Rf8+ Kh7 46. Re8 h5 47. Re6 1-0

[Event "Early-Titled-Tuesday-Blitz-May-14-2024"]
[Site "Chess.com"]
[Date "2024.05.14"]
[Round "6"]
[White "ketster"]
[Black "RobertoJBM"]
[Result "1/2-1/2"]
[WhiteElo "2652"]
[BlackElo "2846"]
[TimeControl "180+1"]
[EndTime "9:09:02 PDT"]
[Termination "Game drawn by repetition"]

1. d4 c6 2. c4 d5 3. cxd5 cxd5 4.
Bf4 Nf6 5. Nc3 Qb6 6. e3 Qxb2 7.
Bb5+ Bd7 8. Bxd7+ Nbxd7 9. Nge2 Qa3 10. O-O a6 11. Rb1 b5 12. Rb3 Qa5 13. e4 dxe4 14.
Ng3 e6 15. Ngxe4 b4 16. Qf3 Nd5 17. Nxd5 Qxd5 18. Nd6+ Bxd6 19. Qxd5 exd5 20. Bxd6 Nf6 21. Rxb4 Ne4 22. Re1 Kd7 23. Bf4 Ra7 24. Reb1 Ke6 25.
f3 Nc3 26. R1b2 Rc8 27. Rb6+ Kf5 28. Bb8 Re7 29. g4+ Kg5 30. Bg3 f6 31. h4+ Kg6 32.
Rxa6 Ne2+ 33. Kf2 Nxd4 34. Rd2 Nb5 35. Bf4 h5 36. gxh5+ Kxh5 37. Rxd5+ Kxh4 38. Rxb5 Rc2+ 39. Kf1 g5 40. Bd6 Rc1+ 41. Kf2 Rc2+ 42. Kf1 Rc1+ 43. Kf2 Rc2+ 44. Kf1 1/2-1/2

[Event "Early-Titled-Tuesday-Blitz-May-14-2024"]
[Site "Chess.com"]
[Date "2024.05.14"]
[Round "6"]
[White "Lovetov"]
[Black "Franmu14"]
[Result "1-0"]
[WhiteElo "2560"]
[BlackElo "2652"]
[TimeControl "180+1"]
[EndTime "9:09:03 PDT"]
[Termination "Lovetov won by resignation"]

1. d4 d5 2. c4 e6 3. Nc3 Nf6 4. Bg5 Nbd7 5. cxd5 exd5 6. e3 c6 7. Bd3 h6 8. Bh4 Be7 9. Nge2 Nh5 10. Bxe7 Qxe7 11. Qd2 Nb6 12. O-O O-O 13. Rae1 Be6 14.
f3 c5 15. dxc5 Qxc5 16. Nd4 Rfe8 17. Rc1 Qe7 18. Ncb5 Nc4 19. Bxc4 dxc4 20. Nxe6 fxe6 21. Rxc4 Red8 22. Qc3 Nf6 23. e4 Rd7 24. Rc8+ Rxc8 25.
Qxc8+ Kh7 26. Qc4 Rd2 27. Rf2 Rd1+ 28. Rf1 Rd2 29. b4 Nh5 30. Rf2 Rd1+ 31. Rf1 Rd2 32. e5 Qg5 33. Qe4+ g6 34. f4 Qg4 35. Qxb7+ Ng7 36.
Nd6 Rd1 37. Qf3 Qxf3 38. gxf3 Rd2 39. Rf2 Rd1+ 40. Kg2 Nh5 41. Rc2 Nxf4+ 42. Kf2 Rh1 43.
Rc7+ Kg8 44. Rxa7 g5 45. b5 Rxh2+ 46. Ke1 Rb2 47. a4 h5 48. Ne4 Nd3+ 49. Kf1 g4 50. fxg4 h4 51. Ng5 Nxe5 52. Re7 Nxg4 53. Rxe6 Rb4 54. b6 Kg7 55. a5 Nh6 56. a6 Nf5 57.
a7 Rb2 58. Ne4 Ng3+ 59. Nxg3 hxg3 60. Re3 1-0

[Event "Early-Titled-Tuesday-Blitz-May-14-2024"]
[Site "Chess.com"]
[Date "2024.05.14"]
[Round "6"]
[White "Galileo22"]
[Black "lagunanivaria"]
[Result "0-1"]
[WhiteElo "2643"]
[BlackElo "2540"]
[TimeControl "180+1"]
[EndTime "9:09:03 PDT"]
[Termination "lagunanivaria won on time"]

1. e4 e6 2. d3 d5 3. Nd2 c5 4.
Ngf3 Nc6 5. g3 b5 6. Bg2 Nf6 7. O-O Be7 8. Re1 Bb7 9. exd5 Nxd5 10. a4 a6 11. c3 b4 12. Qc2 O-O 13. Ne4 Re8 14.
h4 h6 15. Ned2 Bf6 16. Ne4 Be7 17. Ned2 a5 18. Nb3 Rc8 19. Nfd2 Ba6 20. Nc4 Qc7 21. Bd2 bxc3 22. bxc3 Bxc4 23. dxc4 Nb6 24. Qe4 Red8 25.
Bf4 Bd6 26. Be3 Ne5 27. Nxa5 f5 28. Qc2 Nbxc4 29. Nxc4 Nxc4 30. Qa2 Nxe3 31. Qxe6+ Kh8 32. Rxe3 f4 33. gxf4 Bxf4 34. Rf3 Rf8 35. Kh1 Rce8 36. Qg6 Qe7 37. Qg4 Be5 38. h5 Rxf3 39. Qxf3 Rf8 40. Qe3 Qh4+ 41. Kg1 Bh2+ 42. Kf1 Bg3 43. Ra2 Qc4+ 44.
Qe2 Rxf2+ 45. Ke1 Rxe2+ 0-1

[Event "Early-Titled-Tuesday-Blitz-May-14-2024"]
[Site "Chess.com"]
[Date "2024.05.14"]
[Round "6"]
[White "Anton_Demchenko"]
[Black "IlanSchnaider"]
[Result "0-1"]
[WhiteElo "2855"]
[BlackElo "2741"]
[TimeControl "180+1"]
[EndTime "9:09:04 PDT"]
[Termination "IlanSchnaider won by checkmate"]

1. e4 c5 2. Nf3 d6 3. d4 cxd4 4. Qxd4 Nc6 5. Qe3 g6 6. h3 Bg7 7.
Bc4 Nf6 8. O-O O-O 9. Rd1 Qc7 10. Qe2 a6 11. a4 b6 12. Nc3 Nb4 13. Bb3 Bb7 14. Bg5 Rac8 15. Rd4 Nc6 16. Rd2 Na5 17. Re1 Nxb3 18. cxb3 Rfe8 19. Qe3 Nd7 20. Bh6 Bf6 21. Nd5 Bxd5 22. exd5 Qc5 23. Qf4 Ne5 24. Nh2 b5 25. Qe4 bxa4 26. Qxa4 Rb8 27. Ra1 Rec8 28. Nf1 Rb6 29. Be3 Qc7 30. Bxb6 Qxb6 31. Qxa6 Qc5 32.
Qe2 Rb8 33. Ne3 Rxb3 34. Rc2 Qd4 35. Ra8+ Kg7 36. Qd2 Rd3 37. Qe2 Bg5 38. Ng4 Rd1+ 39. Kh2 Bf4+ 40. g3 Qxd5 41. f3 Nxf3+ 42. Kg2 Nh4+ 43.
Kf2 Qg2# 0-1

[Event "Early-Titled-Tuesday-Blitz-May-14-2024"]
[Site "Chess.com"]
[Date "2024.05.14"]
[Round "6"]
[White "profedechess93"]
[Black "praveenb2002"]
[Result "0-1"]
[WhiteElo "2646"]
[BlackElo "2865"]
[TimeControl "180+1"]
[EndTime "9:09:05 PDT"]
[Termination "praveenb2002 won by checkmate"]

1. e4 c6 2. d4 d5 3. Nc3 dxe4 4.
Nxe4 Nf6 5. Nxf6+ exf6 6. c3 Bd6 7. Bd3 O-O 8. Qc2 Re8+ 9. Ne2 h5 10. Be3 Nd7 11.
O-O-O Nf8 12. h3 Be6 13. g4 h4 14. Rhg1 Bd5 15. g5 Bh2 16. gxf6 Qxf6 17. Rge1 Bf3 18.
Kb1 b5 19. Qd2 Ne6 20. Rc1 a5 21. Ng1 Bd5 22. f4 Bxf4 23. Rf1 Bxe3 24. Qxe3 Qg5 25. Qf2 Nf8 26. Bc2 Re3 27. Ne2 Bc4 28. Nf4 Rae8 29. Rg1 Rg3 30. b3 Be6 31. Ne2 Rxg1 32. Rxg1 Qh6 33. Nf4 Bd7 34. Qf3 Ne6 35. Nd3 Ng5 36.
Qf4 f6 37. Nc5 Bxh3 38. Rh1 Qh5 39. Bd1 Qg6+ 40. Bc2 Qh5 41. Bd1 Qh6 42. Bc2 Kh8 43.
Qc7 Bg2 44. Rh2 h3 45. Qg3 Nf3 46. Rxg2 hxg2 47. Qxg2 Re1+ 48. Kb2 Qc1# 0-1

[Event "Early-Titled-Tuesday-Blitz-May-14-2024"]
[Site "Chess.com"]
[Date "2024.05.14"]
[Round "6"]
[White "briesmas"]
[Black "azikom"]
[Result "1-0"]
[WhiteElo "2337"]
[BlackElo "2702"]
[TimeControl "180+1"]
[EndTime "9:09:05 PDT"]
[Termination "briesmas won on time"]

1. e4 c6 2. d4 d5 3. exd5 cxd5 4.
Bd3 g6 5. c3 Nc6 6. Bf4 Bf5 7.
Bxf5 gxf5 8. Nf3 e6 9. Nbd2 Bd6 10. Ne5 Nge7 11. O-O Ng6 12. Nxc6 bxc6 13. Bxd6 Qxd6 14. Nf3 c5 15. dxc5 Qxc5 16. Qa4+ Kf8 17. Rad1 Kg7 18. Rd2 Rab8 19. g3 Rhc8 20. Rfd1 Qb6 21. h4 Rc4 22.
Qc2 h6 23. h5 Nf8 24. Rd4 Rbc8 25. Rxc4 Rxc4 26. Rd4 Rc7 27. g4 fxg4 28. Rxg4+ Kh8 29. Ne5 f5 30. Ng6+ Nxg6 31. Rxg6 Rg7 32. Qa4 Rxg6+ 33.
hxg6 Qd8 34. Qd4+ Kg8 35. f4 Qe7 36. Qe5 a5 37. a3 Qd7 38. b4 axb4 39. axb4 h5 40. Qf6 h4 41. b5 1-0

[Event "Early-Titled-Tuesday-Blitz-May-14-2024"]
[Site "Chess.com"]
[Date "2024.05.14"]
[Round "6"]
[White "gmcorrales"]
[Black "Kunalm64"]
[Result "1-0"]
[WhiteElo "2933"]
[BlackElo "2609"]
[TimeControl "180+1"]
[EndTime "9:09:07 PDT"]
[Termination "gmcorrales won by checkmate"]

1. e4 c5 2. Nf3 d6 3. d4 Nf6 4. Nc3 cxd4 5. Nxd4 a6 6. h3 e5 7. Nde2 h5 8. g3 Be6 9. Bg2 Nbd7 10. a4 Rc8 11.
Be3 Be7 12. Qd2 Qc7 13. Rc1 Nb6 14. b3 Nbd7 15. f4 Nc5 16. f5 Bd7 17. O-O Bc6 18.
Nd5 Bxd5 19. exd5 Nce4 20. Qd3 Nc3 21. Nxc3 Qxc3 22. Bd2 Qxd3 23. cxd3 Kd7 24. Rc4 b5 25. Rc6 Ra8 26. Rfc1 Rhc8 27. Bb4 Ne8 28. h4 a5 29. Bd2 b4 30. Be3 Rxc6 31. Rxc6 Nf6 32. Bb6 Ra6 33.
Rc7+ Ke8 34. Rb7 Nd7 35. Be3 Nc5 36. Rb8+ Kd7 37. d4 exd4 38. Bxd4 Bf6 39. Bxc5 dxc5 40.
Bf1 Ra7 41. Rb6 Kc7 42. Rc6+ Kd7 43. Bb5 Kd8 44. d6 Rd7 45. Ra6 Be5 46. Ra8# 1-0

[Event "Early-Titled-Tuesday-Blitz-May-14-2024"]
[Site "Chess.com"]
[Date "2024.05.14"]
[Round "6"]
[White "Antosha_Chekhonte"]
[Black "TigranMukhutdinov"]
[Result "1-0"]
[WhiteElo "2588"]
[BlackElo "2707"]
[TimeControl "180+1"]
[EndTime "9:09:07 PDT"]
[Termination "Antosha_Chekhonte won by resignation"]

1. e4 c5 2. Nf3 Nc6 3. Bb5 g6 4.
O-O Bg7 5. Re1 Nf6 6. e5 Nd5 7. Nc3 Nc7 8. Bxc6 dxc6 9. d3 O-O 10. h3 Ne6 11. Be3 b6 12. a4 a5 13. Ne4 Ba6 14. b3 Nd4 15. Bf4 Qd5 16. Ned2 Rad8 17.
Nxd4 cxd4 18. Nc4 Qc5 19. Qd2 Rfe8 20. e6 Bxc4 21. bxc4 f6 22. Rab1 Rc8 23. Rb3 Ra8 24. Reb1 Ra6 25. Bc7 Qf5 26. Qe2 Rc8 27. Bxb6 c5 28.
Rb5 Rc6 29. Bxa5 Rxe6 30. Qg4 Qxg4 31. hxg4 Re2 32. R1b2 Re5 33. Ra2 Bh6 34. Bb6 Re1+ 35. Kh2 Re2 36. Kg3 e5 37. Kf3 Re1 38. Bxc5 f5 39.
gxf5 gxf5 40. Rb6 e4+ 41. Kg3 f4+ 42. Kg4 Rxb6 43. Bxb6 e3 44. Bxd4 e2 45. Bc3 Rg1 46. Kf3 Bg7 47. Bd2 e1=Q 48. Bxe1 Rxe1 49. a5 Bd4 50. a6 Ba7 51. Rb2 Rf1 52. Kxf4 Rxf2+ 53. Ke5 Rxg2 54. Rb7 Rg7 55. d4 h5 56. c5 h4 57.
Rxg7+ Kxg7 58. Kf4 h3 59. Kg3 Kf6 60. c4 Kf5 61.
Kxh3 Ke4 62. c6 1-0

[Event "Early-Titled-Tuesday-Blitz-May-14-2024"]
[Site "Chess.com"]
[Date "2024.05.14"]
[Round "6"]
[White "Matibar"]
[Black "Baronessa08"]
[Result "1-0"]
[WhiteElo "2786"]
[BlackElo "2591"]
[TimeControl "180+1"]
[EndTime "9:09:08 PDT"]
[Termination "Matibar won on time"]

1. d4 d5 2. c4 dxc4 3. e3 e6 4. Bxc4 Nf6 5. Nf3 c5 6. b3 a6 7. Bb2 b5 8. Be2 Bb7 9. O-O Nc6 10. a4 b4 11. Nbd2 cxd4 12. Nxd4 Nxd4 13. Bxd4 Be7 14.
Nc4 O-O 15. Bf3 Bxf3 16. Qxf3 Qd5 17. Nb6 Qxf3 18. gxf3 Rab8 19. a5 Rfd8 20. Rfc1 Nd5 21. Rc6 Nc3 22. Kf1 Rd6 23. Rc8+ Rd8 24. Rc6 Nb5 25.
Be5 Bd6 26. Bxd6 Rxd6 27. Rac1 g6 28. Rxd6 Nxd6 29. Rc6 Nb7 30. Nc4 Ra8 31. e4 Kf8 32. e5 Ke8 33. Rc7 Nd8 34. f4 h6 35. h4 Rb8 36.
Ke2 Kf8 37. Ke3 Rb7 38. Rc8 Ke7 39. Ra8 Rd7 40. Rxa6 Rd1 41. Ra7+ Ke8 42. Nd6+ Kf8 43. Rd7 Nc6 44. Rxf7+ Kg8 45. Rf6 Nxa5 46. Rxg6+ Kh7 47. Rxe6 Nxb3 48. Re7+ Kg8 49. Rb7 Re1+ 50. Kf3 Nd4+ 51. Kg4 b3 52. Kh5 Rg1 53. f5 1-0

[Event "Early-Titled-Tuesday-Blitz-May-14-2024"]
[Site "Chess.com"]
[Date "2024.05.14"]
[Round "6"]
[White "maciek_92"]
[Black "wonderfultime"]
[Result "1-0"]
[WhiteElo "2840"]
[BlackElo "3058"]
[TimeControl "180+1"]
[EndTime "9:09:09 PDT"]
[Termination "maciek_92 won by resignation"]

1. c4 c6 2. Nf3 Nf6 3. Nc3 d5 4.
e3 a6 5. b3 Bg4 6. h3 Bh5 7.
Bb2 e6 8. Be2 Nbd7 9. O-O Bd6 10.
d4 O-O 11. Nd2 Bg6 12. c5 Bc7 13. f4 Ba5 14. a3 Bxc3 15. Bxc3 Ne4 16. Nxe4 Bxe4 17.
Be1 f5 18. Bd3 Qe8 19. Bxe4 dxe4 20. Bh4 Qg6 21. Ra2 a5 22. g4 Qf7 23. Rg2 Kh8 24.
Kh2 b6 25. Rfg1 Rg8 26. Rc2 b5 27. gxf5 Qxf5 28. Rcg2 h6 29. Rg6 Kh7 30. R1g5 Qf7 31. Qh5 Raf8 32. Rg2 Qf5 33. R2g5 Qf7 34. Rg2 b4 35. a4 Qf5 36. R2g5 Qf7 37. Rg2 Qf5 38. Qxf5 Rxf5 39. Rxe6 g5 40. Re7+ Rg7 41. Rxg7+ Kxg7 42. fxg5 Rf3 43. gxh6+ Kxh6 44. Bg5+ Kh7 45. Rg4 Rf2+ 46. Kg3 Rb2 47. Rxe4 Kg6 48. h4 Rxb3 49. Re7 Nf8 50. Kg4 1-0

[Event "Early-Titled-Tuesday-Blitz-May-14-2024"]
[Site "Chess.com"]
[Date "2024.05.14"]
[Round "6"]
[White "lamomiajunior"]
[Black "ulises2013"]
[Result "1/2-1/2"]
[WhiteElo "2779"]
[BlackElo "2915"]
[TimeControl "180+1"]
[EndTime "9:09:09 PDT"]
[Termination "Game drawn by repetition"]

1. d4 g6 2. Nc3 Bg7 3. e4 c5 4. d5 d6 5. Nf3 Nf6 6. Bc4 O-O 7. O-O Re8 8. h3 e6 9. dxe6 Bxe6 10. Bxe6 Rxe6 11.
e5 Ne8 12. Re1 Nc6 13. Bg5 Qd7 14. exd6 Rxd6 15. Qe2 Nd4 16. Nxd4 cxd4 17. Ne4 Re6 18. Qd2 Qd5 19. f3 Rc8 20. Rad1 Nd6 21. Nxd6 Rxd6 22. b3 b5 23. Re4 Rdc6 24. Rde1 h5 25. Bh6 Rxc2 26.
Qf4 Qf5 27. Bxg7 Qxf4 28. Rxf4 Kxg7 29. Re7 Rf8 30. Rxa7 d3 31. Rd4 d2 32. Rad7 Rxa2 33. Rxd2 Ra3 34. R2d3 Rb8 35. Rc7 Ra6 36. Rd5 Rab6 37. b4 Rf6 38. Rcc5 Rf4 39. Kf2 Rxb4 40. Kg3 h4+ 41. Kh2 Rb7 42. Rd2 Rf4 43. Rb2 b4 44.
Kg1 Rd4 45. Kf2 Rd6 46. Rc4 b3 47. Rxh4 Rc6 48. Rd4 Kf6 49. Ke3 Rc3+ 50. Rd3 Rxd3+ 51. Kxd3 Kf5 52. g3 Ke5 53. Kc4 Rc7+ 54. Kd3 Rb7 55. Kc4 f6 56. Re2+ Kf5 57. Rb2 Ke5 58. Re2+ Kf5 59.
Rb2 Ke5 1/2-1/2

[Event "Early-Titled-Tuesday-Blitz-May-14-2024"]
[Site "Chess.com"]
[Date "2024.05.14"]
[Round "6"]
[White "BilodeauA"]
[Black "rpragchess"]
[Result "0-1"]
[WhiteElo "2906"]
[BlackElo "3106"]
[TimeControl "180+1"]
[EndTime "9:09:11 PDT"]
[Termination "rpragchess won by resignation"]

1. e4 e5 2. Nf3 Nc6 3. Bc4 Bc5 4.
d3 d6 5. a3 h6 6. O-O Nf6 7. Be3 Bb6 8. h3 g5 9. Nh2 Rg8 10.
Bxb6 axb6 11. Nc3 g4 12. h4 Be6 13. Bb5 Nd7 14. Bxc6 bxc6 15. g3 Qf6 16. Re1 d5 17. Qe2 d4 18. Nb1 h5 19. Nd2 Nf8 20. Rac1 Bd7 21. Kh1 Qg7 22. Rg1 Qh6 23. Rcf1 O-O-O 24. f3 gxf3 25. Rxf3 Be6 26. Rgf1 Nd7 27. R1f2 Rg6 28.
Ndf1 Rdg8 29. Qd2 Qf8 30. c4 dxc3 31. Qxc3 Qd6 32. b4 Kb7 33. Kg2 c5 34. Ne3 Ra8 35.
Nhf1 Qd4 36. Qd2 cxb4 37. axb4 Ra2 38. Nc2 Qd6 39. Nfe3 f6 40. Qc3 Bg4 41. Nc4 Bxf3+ 42. Rxf3 Qc6 43. Qb3 Qa4 44. Qc3 Qxc2+ 0-1

[Event "Early-Titled-Tuesday-Blitz-May-14-2024"]
[Site "Chess.com"]
[Date "2024.05.14"]
[Round "6"]
[White "kanzaww"]
[Black "Let_it_be_1"]
[Result "1-0"]
[WhiteElo "2504"]
[BlackElo "2617"]
[TimeControl "180+1"]
[EndTime "9:09:12 PDT"]
[Termination "kanzaww won by checkmate"]

1. e4 e6 2. d4 d5 3. e5 c5 4. c3 Qb6 5. Nf3 Nc6 6. Bd3 cxd4 7.
O-O Bd7 8. Re1 Rc8 9. a3 Nge7 10.
h4 h6 11. b4 dxc3 12. Nxc3 Nxb4 13. Be3 Qd8 14. axb4 Rxc3 15. Rxa7 Nc6 16. Rxb7 Qa8 17. Qa1 Ra3 18. Qc1 Rxd3 19. Rc7 Bxb4 20. Re2 Rc3 21.
Qb1 Ba5 22. Rb7 Bc8 23. Rbb2 Ba6 24. Re1 O-O 25. Rc1 Bd3 26. Qa1 Bb4 27. Ra2 Rxc1+ 28. Bxc1 Qb7 29. Bf4 Bc5 30. Qc1 Bc4 31. Rc2 Qb3 32. Bxh6 gxh6 33. Rc3 Bxf2+ 34. Kxf2 Qb6+ 35. Kg3 Kg7 36. Qf4 Rg8 37. Kh2 Qf2 38. Qf6+ Kh7 39. Qxf7+ Rg7 40. Ng5+ hxg5 41. Qxf2 g4 42. Qf6 g3+ 43.
Rxg3 Rxg3 44. Kxg3 Nd4 45. h5 Nf5+ 46. Kf4 Bd3 47.
g4 Nd4 48. Qf7+ Kh6 49. g5# 1-0

[Event "Early-Titled-Tuesday-Blitz-May-14-2024"]
[Site "Chess.com"]
[Date "2024.05.14"]
[Round "6"]
[White "FXDon77"]
[Black "Yan_Dyomin2010"]
[Result "0-1"]
[WhiteElo "2865"]
[BlackElo "2695"]
[TimeControl "180+1"]
[EndTime "9:09:13 PDT"]
[Termination "Yan_Dyomin2010 won by resignation"]

1. e4 c5 2. Nf3 Nc6 3. Bb5 Nf6 4. Nc3 Qc7 5. O-O Nd4 6. Re1 a6 7. Bf1 Ng4 8. g3 Nxf3+ 9. Qxf3 Ne5 10. Qe2 e6 11.
Bg2 Be7 12. d3 O-O 13. Be3 d6 14. Rad1 b5 15. a3 Bb7 16. f4 Nc6 17. Qf2 Rac8 18. Ne2 a5 19. g4 b4 20. a4 e5 21. f5 Nd4 22. Ng3 b3 23. g5 Nxc2 24. f6 Bd8 25.
Nf5 g6 26. Qh4 Kh8 27. Ng7 Rg8 28. Qh6 d5 29. Bd2 Qd6 30. Rf1 Qf8 31. exd5 Rxg7 32. fxg7+ Qxg7 33. Qxg7+ Kxg7 34. Be4 c4 35. Rf3 Bb6+ 36.
Kg2 Nd4 37. Rf2 Nf5 38. Rff1 Nd6 39. Bc3 Bd4 40. Bxd4 exd4 41. Rf6 Nxe4 42. dxe4 c3 43.
Rdf1 Ba6 44. Rxf7+ Kg8 45. R1f6 cxb2 46. d6 b1=Q 47.
d7 Qxe4+ 48. Kg3 Rc3+ 49. Rf3 Rxf3+ 50. Rxf3 Qe5+ 51. Kg2 Qd5 0-1